[Event "Team 45 45 League T35"]
[Site "Internet Chess Club"]
[Date "2007.11.21"]
[Round "5"]
[White "RD1974"]
[Black "nanning"]
[Result "1/2-1/2"]
[WhiteElo "1610"]
[BlackElo "1530"]
[Opening "Bishop's opening: Berlin defense"]
[ECO "C24"]
[Time "11:05:48"]
[TimeControl "2700+45"]

1. e4 e5 2. Bc4 Nf6 3. d3 Nc6 4. Nc3 Bb4 5. Ne2 Na5 6. Bb5 a6 7. Ba4 b5 8. Bb3
Nxb3 9. axb3 O-O 10. O-O Bb7 11. Bg5 Be7 12. Ng3 h6 13. Be3 d5 14. exd5 Nxd5 15.
Nf5 Nxe3 16. Nxe7+ Qxe7 17. fxe3 Qg5 18. e4 Rad8 19. Qe2 f5 20. exf5 Rxf5 21.
Rxf5 Qxf5 22. Rf1 Qg6 23. Ne4 Bxe4 24. Qxe4 Qxe4 25. dxe4 Rd2 26. Rf2 Rd1+ 27.
Rf1 Rd2 28. Rf2 Rd1+ 29. Rf1 {Game drawn by mutual agreement} 1/2-1/2

[Event "Team 45 45 League T35"]
[Site "Internet Chess Club"]
[Date "2007.11.17"]
[Round "5"]
[White "ChessYogi"]
[Black "valipop"]
[Result "0-1"]
[WhiteElo "2019"]
[BlackElo "2110"]
[Opening "Sicilian: accelerated fianchetto, Maróczy bind"]
[ECO "B36"]
[Time "05:06:21"]
[TimeControl "2700+45"]

1. e4 c5 2. Nf3 Nc6 3. d4 cxd4 4. Nxd4 g6 5. c4 d6 6. Be2 Qb6 7. Nc2 Bg7 8. Nc3
Be6 9. O-O Bxc3 10. bxc3 Nf6 11. Be3 Qa5 12. Nd4 Nxe4 13. Nxe6 fxe6 14. Bg4 Kd7
15. Qd5 Qxd5 16. cxd5 Nd8 17. Bd4 Nf6 18. Rfe1 Nxg4 19. Bxh8 exd5 20. Rad1 e6
21. f3 Nh6 22. Bf6 Ndf7 23. Re2 Rc8 24. Bd4 b6 25. f4 Rc4 26. Rde1 Nd8 27. h3
Nf5 28. Bf6 Ng3 29. Re3 Ne4 30. Bg7 Nb7 31. g4 Nbc5 32. Rf1 Nd2 33. Rf2 Nce4 34.
Rfe2 Ra4 35. f5 exf5 36. gxf5 gxf5 37. Rd3 Rxa2 38. Kg2 f4 39. Bh6 f3+ 40. Rxf3
Nxf3 41. Rxa2 Nh4+ 42. Kh2 a5 43. Bg7 Nf5 44. Bd4 Nxd4 45. cxd4 Kc6 46. Rg2 b5
47. Rg7 b4 48. Rxh7 b3 49. Rh8 Nd2 50. Rb8 a4 51. Kg3 a3 52. h4 a2 53. Ra8 Ne4+
{White resigns} 0-1

[Event "Team 45 45 League T35"]
[Site "Internet Chess Club"]
[Date "2007.11.16"]
[Round "5"]
[White "Terte"]
[Black "OrangeKing"]
[Result "1/2-1/2"]
[WhiteElo "2092"]
[BlackElo "1664"]
[Opening "Scandinavian: Marshall variation"]
[ECO "B01"]
[Time "13:36:09"]
[TimeControl "2700+45"]

1. e4 d5 2. exd5 Nf6 3. d4 Nxd5 4. c4 Nb6 5. Be3 Bf5 6. Bd3 Bxd3 7. Qxd3 e5 8.
Nd2 exd4 9. Bxd4 Nc6 10. Qe2+ Qe7 11. Qxe7+ Nxe7 12. Ngf3 f6 13. O-O O-O-O 14.
b4 Nc6 15. Bxb6 axb6 16. a3 Bd6 17. Ne4 Be5 18. Nxe5 Nxe5 19. Rac1 Rd4 20. Nc3
Rxc4 21. Nb5 Rxc1 22. Rxc1 c6 23. Nd4 Rd8 24. Ne6 Rd7 25. f4 Nd3 26. Rc3 Re7 27.
f5 Ne5 28. Rg3 g6 29. fxg6 hxg6 30. Nf4 g5 31. Nd3 Nxd3 32. Rxd3 {Game drawn by
mutual agreement} 1/2-1/2

[Event "Team 45 45 League T35"]
[Site "Internet Chess Club"]
[Date "2007.11.18"]
[Round "5"]
[White "Bedouksofhazzar"]
[Black "andreip"]
[Result "0-1"]
[WhiteElo "1754"]
[BlackElo "2091"]
[Opening "Pirc: classical, h3 system"]
[ECO "B08"]
[Time "10:04:17"]
[TimeControl "2700+45"]

1. e4 d6 2. d4 Nf6 3. Nc3 g6 4. Nf3 Bg7 5. h3 O-O 6. Be3 d5 7. e5 Ne8 8. Qd2 c6
9. Bh6 f6 10. Bd3 b5 11. O-O Nd7 12. Rae1 Nb6 13. b3 b4 14. Ne2 a5 15. Ng3 Ba6
16. h4 Bxd3 17. cxd3 fxe5 18. dxe5 c5 19. h5 e6 20. hxg6 hxg6 21. Rc1 Nd7 22.
Rfe1 Nc7 23. d4 Na6 24. Bg5 Qe8 25. Bh6 a4 26. bxa4 c4 27. Bxg7 Kxg7 28. Qg5 Rh8
29. Nh4 Nc7 30. f4 Rxa4 31. f5 Rxh4 32. f6+ Kg8 33. Qxh4 Rxa2 34. Re3 Qf7 35.
Ne2 Nf8 36. Rh3 Nh7 37. Kf2 g5 38. Qh6 Ne8 39. Rch1 Nexf6 40. exf6 Qxf6+ 41.
Qxf6 Nxf6 42. Rh8+ Kg7 43. Rb8 Ne4+ 44. Kf3 Kg6 45. g4 Ra3+ 46. Kg2 Re3 47. Rhh8
Rxe2+ 48. Kf1 Rf2+ 49. Ke1 Rf7 50. Rxb4 Nf6 51. Rb6 Re7 52. Ke2 Nxg4 53. Rg8+
Kf5 54. Rb1 e5 55. Rf1+ Ke4 56. Rxg5 Ne3 57. Rh1 Kxd4 58. Rh4+ e4 59. Rh3 Nc2
60. Rhh5 Nb4 61. Rg8 Rb7 62. Rh1 c3 63. Rd1+ Kc4 64. Rc8+ Kb3 65. Rc1 d4 66.
Rb1+ Kc2 67. Ra1 Kb2 68. Rf1 d3+ 69. Kd1 e3 70. Rf2+ exf2 71. Rb8 f1=Q# {White
checkmated} 0-1

[Event "Team 45 45 League T35"]
[Site "Internet Chess Club"]
[Date "2007.11.19"]
[Round "5"]
[White "viking99"]
[Black "PrincessChess"]
[Result "0-1"]
[WhiteElo "1835"]
[BlackElo "1824"]
[Opening "Ruy Lopez: Schliemann defense, Berger variation"]
[ECO "C63"]
[Time "20:01:28"]
[TimeControl "2700+45"]

1. e4 e5 2. Nf3 Nc6 3. Bb5 f5 4. Nc3 fxe4 5. Nxe4 d5 6. Nxe5 dxe4 7. Nxc6 Qd5 8.
Qe2 bxc6 9. Bc4 Qf5 10. O-O Nf6 11. d4 Be6 12. f3 Bxc4 13. Qxc4 Qd5 14. Qe2
Qxd4+ 15. Be3 Qe5 16. Rad1 Bc5 17. f4 Qh5 18. Qf2 Ng4 19. Qg3 Bxe3+ 20. Kh1 Nf2+
{White resigns} 0-1

[Event "Team 45 45 League T35"]
[Site "Internet Chess Club"]
[Date "2007.11.18"]
[Round "5"]
[White "EdBorowski"]
[Black "Morpheous"]
[Result "0-1"]
[WhiteElo "1982"]
[BlackElo "1959"]
[Opening "Queen's pawn"]
[ECO "A40"]
[Time "10:04:11"]
[TimeControl "2700+45"]

1. d4 e6 2. Nf3 Nf6 3. Bf4 c5 4. c3 cxd4 5. Nxd4 d6 6. Bg3 e5 7. Nf3 Qb6 8. b3
Bf5 9. e3 Nc6 10. Be2 Be7 11. O-O O-O 12. c4 Ne4 13. Qc1 Nxg3 14. hxg3 e4 15.
Nfd2 Qa5 16. a3 Bf6 17. Ra2 Nb4 {White resigns} 0-1

[Event "Team 45 45 League T35"]
[Site "Internet Chess Club"]
[Date "2007.11.18"]
[Round "5"]
[White "rubo"]
[Black "Flying-Tiger"]
[Result "1-0"]
[WhiteElo "1739"]
[BlackElo "2013"]
[Opening "Bird's opening"]
[ECO "A02"]
[Time "16:02:52"]
[TimeControl "2700+45"]

1. f4 c5 2. b3 Nf6 3. Bb2 g6 4. Nf3 Bg7 5. e3 O-O 6. Be2 Nc6 7. O-O d6 8. a4 a6
9. Na3 Rb8 10. h3 Bd7 11. Qc1 Nb4 12. g4 Qc8 13. a5 Bxg4 14. hxg4 Qxg4+ 15. Kf2
Ne4+ 16. Ke1 Qg3+ 17. Kd1 Nf2+ 18. Rxf2 Bxb2 19. Qxb2 Qxf2 20. Nc4 Nd5 21. Nb6
Nxb6 22. axb6 d5 23. Ra5 Rbc8 24. Qc3 c4 25. Rxd5 cxb3 26. Qxb3 Qg2 27. Rg5 Qh3
28. c4 h6 29. Rg1 Qf5 30. d4 Qa5 31. c5 Rfd8 32. Rxg6+ Kf8 33. Ne5 Qa1+ 34. Kc2
e6 35. Nxf7 Rd7 36. Nxh6 Qe1 37. Bc4 Rc6 38. Rg8+ Ke7 39. Rg7+ Kd8 40. Rxd7+
Kxd7 41. Ng4 Qg1 42. Ne5+ Ke7 43. Nxc6+ bxc6 44. b7 Qf2+ 45. Kd3 Qf1+ 46. Kc2
Qf2+ 47. Kb1 Qe1+ 48. Kb2 Qd2+ 49. Ka3 Qa5+ 50. Qa4 Qc3+ 51. Bb3 a5 52. b8=Q
Qa1+ 53. Ba2 Qc1+ 54. Qb2 Qxe3+ 55. Qab3 {Black resigns} 1-0

[Event "Team 45 45 League T35"]
[Site "Internet Chess Club"]
[Date "2007.11.18"]
[Round "5"]
[White "LennyH"]
[Black "Steinwitz"]
[Result "1/2-1/2"]
[WhiteElo "1898"]
[BlackElo "1741"]
[Opening "Scandinavian: Marshall variation"]
[ECO "B01"]
[Time "10:00:11"]
[TimeControl "2700+45"]

1. e4 d5 2. exd5 Nf6 3. d4 Nxd5 4. c4 Nf6 5. Nc3 e6 6. Nf3 c5 7. Be2 cxd4 8.
Qxd4 Qxd4 9. Nxd4 Be7 10. O-O O-O 11. Bf4 a6 12. Rfd1 Nbd7 13. Nf3 b6 14. Bd6
Bxd6 15. Rxd6 Ra7 16. Rad1 Rb7 17. b3 Nc5 18. Ne5 Nfe4 19. Nxe4 Nxe4 20. R6d3
Nc5 21. Rd8 Rc7 22. Bf3 f6 23. Rxf8+ Kxf8 24. Ng4 Ke7 25. Kf1 Bb7 26. Bxb7 Rxb7
{Game drawn by mutual agreement} 1/2-1/2

[Event "Team 45 45 League T35"]
[Site "Internet Chess Club"]
[Date "2007.11.24"]
[Round "5"]
[White "BHogan"]
[Black "parrot9"]
[Result "1-0"]
[WhiteElo "1606"]
[BlackElo "1658"]
[Opening "QGD Slav: 3.Nf3"]
[ECO "D11"]
[Time "10:13:04"]
[TimeControl "2700+45"]

1. d4 d5 2. c4 c6 3. Nf3 Nf6 4. g3 dxc4 5. Bg2 Bf5 6. Nbd2 Nbd7 7. Nxc4 e6 8.
O-O Bb4 9. Qb3 a5 10. a3 Be7 11. Qxb7 Be4 12. Bf4 c5 13. Qc7 Qxc7 14. Bxc7 a4
15. Rfd1 Rc8 16. Nd6+ Bxd6 17. Bxd6 cxd4 18. Rxd4 Bd5 19. Rxa4 Ne4 20. Bb4 Ndc5
21. Ra7 O-O 22. Ne5 f6 23. Bxe4 Bxe4 24. Bxc5 fxe5 25. Bxf8 Kxf8 26. f3 Bf5 27.
g4 Bg6 28. h3 Rc2 29. Rd1 {Black resigns} 1-0

[Event "Team 45 45 League T35"]
[Site "Internet Chess Club"]
[Date "2007.11.20"]
[Round "5"]
[White "OldBoy"]
[Black "nanning"]
[Result "0-1"]
[WhiteElo "1449"]
[BlackElo "1526"]
[Opening "Ruy Lopez: Anderssen variation"]
[ECO "C77"]
[Time "13:58:45"]
[TimeControl "2700+45"]

1. e4 e5 2. Nf3 Nc6 3. Bb5 a6 4. Ba4 Nf6 5. d3 b5 6. Bb3 Be7 7. Nc3 d6 8. Nd5
Nxd5 9. Bxd5 Bb7 10. Bd2 O-O 11. O-O Qc8 12. b4 Nd8 13. Bxb7 Qxb7 14. Qe2 Ne6
15. Rfc1 f5 16. c4 fxe4 17. dxe4 c5 18. a3 Nd4 19. Nxd4 exd4 20. bxc5 dxc5 21.
Rab1 Rab8 22. cxb5 axb5 23. Rb2 Qd7 24. Qh5 c4 25. Bb4 Bxb4 26. Rxb4 d3 27. Rd1
c3 28. Qd5+ Qxd5 29. exd5 c2 30. Rf1 d2 {White resigns} 0-1

[Event "Team 45 45 League T35"]
[Site "Internet Chess Club"]
[Date "2007.11.15"]
[Round "5"]
[White "Lionskins"]
[Black "Russellovich"]
[Result "0-1"]
[WhiteElo "1539"]
[BlackElo "1794"]
[Opening "Polish (Sokolsky) opening"]
[ECO "A00"]
[Time "12:03:38"]
[TimeControl "2700+45"]

1. b4 d5 2. Bb2 Qd6 3. a3 Bd7 4. Nc3 Nf6 5. e3 e5 6. h3 c5 7. Nf3 e4 8. bxc5
Qxc5 9. Nd4 a6 10. a4 Qc7 11. g4 h6 12. Nce2 Bd6 13. Rg1 Be5 14. Ng3 Nc6 15. c3
Nxd4 16. cxd4 Bd6 17. Be2 O-O 18. h4 h5 19. gxh5 b5 20. h6 g6 21. h5 Kh7 22.
hxg6+ fxg6 23. Nh5 gxh5 24. Bxh5 Rg8 25. Rg7+ Kxh6 26. Rc1 Rxg7 27. Rxc7 Rg1+
28. Ke2 Rxd1 29. Kxd1 Bxc7 30. Be2 Bg4 31. Bxg4 Nxg4 32. axb5 Nxf2+ 33. Ke2 Nd3
34. Bc3 axb5 {White resigns} 0-1

[Event "Team 45 45 League T35"]
[Site "Internet Chess Club"]
[Date "2007.11.18"]
[Round "5"]
[White "rkaebi"]
[Black "malihini"]
[Result "1-0"]
[WhiteElo "1398"]
[BlackElo "1316"]
[Opening "Caro-Kann defense"]
[ECO "B15"]
[Time "12:59:12"]
[TimeControl "2700+45"]

1. e4 c6 2. d4 d5 3. Nc3 Nf6 4. e5 Ne4 5. Bd3 Bf5 6. Qf3 e6 7. Nxe4 Bxe4 8. Bxe4
dxe4 9. Qxe4 Qa5+ 10. Bd2 Qb6 11. O-O-O Nd7 12. Nf3 f5 13. exf6 O-O-O 14. Qxe6
Qa6 15. f7 h6 16. Ne5 Bd6 17. Ng6 Qxa2 {Black resigns} 1-0

[Event "Team 45 45 League T35"]
[Site "Internet Chess Club"]
[Date "2007.11.19"]
[Round "5"]
[White "Budzo"]
[Black "Lazerpawn"]
[Result "0-1"]
[WhiteElo "1730"]
[BlackElo "1749"]
[Opening "King's Indian: orthodox, Aronin-Taimanov, bayonet attack"]
[ECO "E97"]
[Time "19:00:11"]
[TimeControl "2700+45"]

1. Nf3 Nf6 2. c4 g6 3. d4 Bg7 4. Nc3 d6 5. e4 O-O 6. Be2 e5 7. O-O Nc6 8. d5 Ne7
9. b4 Nh5 10. Nd2 Nf4 11. a4 f5 12. Bf3 g5 13. exf5 Nxf5 14. g3 Nh3+ 15. Kg2 Nh6
16. Nde4 Bf5 17. Be3 g4 18. Be2 Nf4+ 19. gxf4 exf4 20. Bd4 Bxe4+ 21. Nxe4 f3+
22. Bxf3 gxf3+ 23. Kh1 Qh4 24. Rg1 Ng4 25. Rxg4 Qxg4 26. Bxg7 Qg2# {White
checkmated} 0-1

[Event "Team 45 45 League T35"]
[Site "Internet Chess Club"]
[Date "2007.11.19"]
[Round "5"]
[White "Chessadelic"]
[Black "Cryptochess"]
[Result "1-0"]
[WhiteElo "1602"]
[BlackElo "1563"]
[Opening "Bird's opening"]
[ECO "A03"]
[Time "11:02:41"]
[TimeControl "2700+45"]

1. f4 d5 2. Nf3 Nc6 3. e3 Bf5 4. Be2 Nf6 5. d3 e6 6. O-O Bc5 7. Ne5 O-O 8. Nxc6
bxc6 9. g4 Bg6 10. f5 Nxg4 11. Bxg4 exf5 12. Bxf5 Qg5+ 13. Qg4 Bxe3+ 14. Bxe3
Qxe3+ 15. Kh1 Bxf5 16. Qxf5 Rab8 17. Nc3 Rxb2 18. Rae1 Qd4 19. Qxf7+ Rxf7 20.
Re8+ Rf8 21. Rfxf8# {Black checkmated} 1-0

[Event "Team 45 45 League T35"]
[Site "Internet Chess Club"]
[Date "2007.11.17"]
[Round "5"]
[White "Mutaant"]
[Black "tryanything"]
[Result "0-1"]
[WhiteElo "1458"]
[BlackElo "1653"]
[Opening "Two knights defense (Modern bishop's opening)"]
[ECO "C55"]
[Time "16:58:14"]
[TimeControl "2700+45"]

1. e4 e5 2. Nf3 Nc6 3. Bc4 Nf6 4. d3 h6 5. O-O Bc5 6. Nc3 O-O 7. a3 a5 8. Bd2 d6
9. h3 Nd4 10. Nb5 Nxb5 11. Bxb5 c6 12. Bc4 b5 13. Ba2 a4 14. Qe1 Qe7 15. Be3
Bxe3 16. Qxe3 Be6 17. g4 Nh7 18. Nh2 Bxa2 19. Rxa2 Qh4 20. Kg2 Ng5 21. Qg3 Qxg3+
22. Kxg3 Ne6 23. Nf3 Nf4 24. Nh4 g6 25. Ng2 Ne2+ 26. Kh2 Nd4 27. c3 Nb3 28. f4
f5 29. Kg3 fxe4 30. dxe4 exf4+ 31. Rxf4 Rae8 32. Kf3 Rxf4+ 33. Kxf4 Re5 34. Ke3
h5 35. gxh5 Rxh5 36. Nf4 Rg5 37. h4 Rg4 38. Kf3 Rxh4 39. Nxg6 Rh7 40. Ke3 Kf7
41. Nf4 Kf6 42. Ne2 c5 43. Nf4 Rh4 44. Kf3 Rh8 45. Ke3 Rg8 46. Nd5+ Kf7 47. Nc7
Rb8 48. Kd3 Nc1+ {White resigns} 0-1

[Event "Team 45 45 League T35"]
[Site "Internet Chess Club"]
[Date "2007.11.21"]
[Round "5"]
[White "nathesh"]
[Black "chicopee-ed"]
[Result "0-1"]
[WhiteElo "1442"]
[BlackElo "1528"]
[Opening "Pirc: Ufimtsev-Pytel variation"]
[ECO "B07"]
[Time "09:00:28"]
[TimeControl "2700+45"]

1. e4 d6 2. d4 Nf6 3. Nc3 c6 4. Bg5 Nbd7 5. f4 Qa5 6. Bd3 e5 7. fxe5 dxe5 8. Ne2
Bb4 9. O-O exd4 10. Bxf6 Nxf6 11. Nxd4 Bxc3 12. bxc3 Qxc3 13. Nf5 Bxf5 14. Rxf5
O-O 15. Rb1 b6 16. e5 Nd5 17. Rh5 g6 18. Qg4 Ne3 19. Qg5 Qd2 20. Qh6 Qxg2#
{White checkmated} 0-1

[Event "Team 45 45 League T35"]
[Site "Internet Chess Club"]
[Date "2007.11.17"]
[Round "5"]
[White "gracey"]
[Black "Folgers"]
[Result "1-0"]
[WhiteElo "2130"]
[BlackElo "2035"]
[Opening "KP: Nimzovich defense"]
[ECO "B00"]
[Time "16:00:21"]
[TimeControl "2700+45"]

1. e4 Nc6 2. d4 e5 3. dxe5 Nxe5 4. Nf3 Qf6 5. Nxe5 Qxe5 6. Bd3 Bb4+ 7. c3 Bc5 8.
Qf3 d6 9. Bf4 Qf6 10. O-O Ne7 11. Bb5+ c6 12. Bc4 Ng6 13. Be3 Qxf3 14. gxf3 Bxe3
15. fxe3 Be6 16. Bxe6 fxe6 17. Kf2 Ne5 18. Ke2 O-O 19. Nd2 d5 20. f4 Ng4 21. e5
Rf5 22. h3 Nh6 23. Nb3 Rh5 24. Rh1 Nf5 25. Rag1 b6 26. Nd4 Nxd4+ 27. cxd4 c5 28.
dxc5 bxc5 29. Rc1 Rc8 30. Rc3 Kf7 31. Rb3 Rc7 32. h4 h6 33. Kf3 g5 34. Kg4 Kg6
35. Rb8 Rxh4+ 36. Rxh4 gxh4 37. Rd8 h5+ 38. Kxh4 Kf5 39. Re8 c4 40. Kg3 Ke4 41.
Rxe6 Kxe3 42. f5 d4 43. f6 d3 44. Rd6 Rf7 45. Kh4 Ke4 46. e6 Rxf6 47. e7 Rxd6
48. e8=Q+ Kd4 49. Qe7 Rd5 50. Kg3 d2 51. Kf4 c3 52. Qb4+ Kd3 53. Qe4# {Black
checkmated} 1-0

[Event "Team 45 45 League T35"]
[Site "Internet Chess Club"]
[Date "2007.11.21"]
[Round "5"]
[White "baumhauer"]
[Black "martineden"]
[Result "1-0"]
[WhiteElo "1991"]
[BlackElo "1971"]
[Opening "English: symmetrical variation"]
[ECO "A30"]
[Time "09:36:49"]
[TimeControl "2700+45"]

1. c4 c5 2. Nf3 Nf6 3. Nc3 g6 4. e4 d6 5. d4 cxd4 6. Nxd4 Nc6 7. Nc2 Bg7 8. f3
O-O 9. Be3 Qc7 10. Qd2 b6 11. Rc1 Rd8 12. Be2 Bb7 13. O-O Rac8 14. Rfd1 Qd7 15.
Qe1 Qe8 16. Bf1 Ne5 17. b3 Nc6 18. Nb5 Ba6 19. Nbd4 Bb7 20. Nxc6 Rxc6 21. Nd4
Rcc8 22. Nb5 a6 23. Nc3 Nd7 24. Na4 b5 25. cxb5 Rxc1 26. Rxc1 axb5 27. Bxb5 Qf8
28. Rc7 Ba6 {Black resigns} 1-0

[Event "Team 45 45 League T35"]
[Site "Internet Chess Club"]
[Date "2007.11.20"]
[Round "5"]
[White "ivanson"]
[Black "Changuito-77"]
[Result "1-0"]
[WhiteElo "1883"]
[BlackElo "1792"]
[Opening "Ruy Lopez: modern Steinitz defense"]
[ECO "C74"]
[Time "20:02:29"]
[TimeControl "2700+45"]

1. e4 e5 2. Nf3 Nc6 3. Bb5 a6 4. Ba4 d6 5. c3 b5 6. Bb3 Na5 7. Bc2 Bg4 8. h3 Bh5
9. d3 Nf6 10. Nbd2 Be7 11. Nf1 Qd7 12. Ng3 Bg6 13. b4 Nb7 14. O-O O-O 15. Qe2
Rfe8 16. Rd1 c6 17. d4 exd4 18. cxd4 a5 19. Bd2 h6 20. a3 Bf8 21. Bc3 Nxe4 22.
Nxe4 Bxe4 23. Bxe4 d5 24. Ne5 Qe6 25. Bc2 f6 26. Qd3 fxe5 27. Qh7+ Kf7 28. dxe5
Ke7 29. Bf5 Qf7 30. Bg6 Qe6 31. Bxe8 Kxe8 32. f4 Nd6 33. exd6 Qe3+ 34. Kh1 Qxc3
35. Qg6+ Kd7 36. Qf7+ Kxd6 37. Re1 Qf6 38. Qb7 Qd8 39. Rac1 Qc8 40. Rxc6+ Qxc6
41. Re6+ {Black resigns} 1-0

[Event "Team 45 45 League T35"]
[Site "Internet Chess Club"]
[Date "2007.11.18"]
[Round "5"]
[White "pishd"]
[Black "MrShaw"]
[Result "1/2-1/2"]
[WhiteElo "1781"]
[BlackElo "1850"]
[Opening "Trompowsky attack (Ruth, Opocenský opening)"]
[ECO "A45"]
[Time "09:57:38"]
[TimeControl "2700+45"]

1. d4 Nf6 2. Bg5 g6 3. Bxf6 exf6 4. c4 Bg7 5. Nc3 f5 6. e3 O-O 7. Nge2 b6 8. Nf4
Bb7 9. Be2 d6 10. Bf3 Bxf3 11. Qxf3 Nd7 12. O-O Nf6 13. Qc6 Qd7 14. Qxd7 Nxd7
15. Nb5 c5 16. Rad1 Nf6 17. Nxd6 Ne4 18. Nxe4 fxe4 19. b3 Rfd8 20. dxc5 bxc5 21.
Rd5 Rxd5 22. Nxd5 Kf8 23. Rd1 Rd8 24. Kf1 f5 25. Ke2 Be5 26. h3 Kf7 27. f3 exf3+
28. gxf3 a5 29. e4 fxe4 30. fxe4 Kg7 31. Rf1 Rd7 32. Nf4 Bxf4 33. Rxf4 Rf7 34.
Rxf7+ Kxf7 35. Ke3 g5 36. e5 Ke6 37. Kf3 h5 38. Ke4 g4 39. hxg4 hxg4 40. Kf4 g3
41. Kxg3 Kxe5 42. Kg4 Ke4 43. Kg5 Kd4 44. Kf5 Kc3 45. Ke5 Kb2 46. Kd5 Kxa2 47.
Kxc5 Kxb3 48. Kd5 a4 49. c5 a3 50. c6 a2 51. c7 a1=Q 52. c8=Q {Game drawn by
mutual agreement} 1/2-1/2

[Event "Team 45 45 League T35"]
[Site "Internet Chess Club"]
[Date "2007.11.18"]
[Round "5"]
[White "SuperPeon"]
[Black "alegro"]
[Result "1/2-1/2"]
[WhiteElo "2069"]
[BlackElo "2143"]
[Opening "French: Tarrasch, open variation"]
[ECO "C07"]
[Time "22:55:15"]
[TimeControl "2700+45"]

1. e4 e6 2. d4 d5 3. Nd2 c5 4. Ngf3 cxd4 5. Nxd4 Nf6 6. e5 Nfd7 7. N2f3 Nc6 8.
Bf4 Bc5 9. c3 a6 10. Qd2 Qc7 11. Nxc6 bxc6 12. Bd3 Bb6 13. O-O Nc5 14. Bc2 a5
15. a4 Ba6 16. Rfb1 h6 17. Be3 Nd7 18. b4 Bc4 19. Bxb6 Nxb6 {Game drawn by
mutual agreement} 1/2-1/2

[Event "Team 45 45 League T35"]
[Site "Internet Chess Club"]
[Date "2007.11.19"]
[Round "5"]
[White "SONIA"]
[Black "chsrules88"]
[Result "0-1"]
[WhiteElo "1954"]
[BlackElo "2085"]
[Opening "Giuoco Pianissimo"]
[ECO "C50"]
[Time "13:00:50"]
[TimeControl "2700+45"]

1. e4 e5 2. Bc4 Nc6 3. Nf3 Bc5 4. d3 d6 5. c3 Na5 6. Bb5+ c6 7. Ba4 b5 8. Bc2
Nb7 9. O-O Bg4 10. Nbd2 Qe7 11. Re1 Nf6 12. Nf1 h6 13. Bb3 Na5 14. Bc2 Nb7 15.
b4 Bb6 16. a4 O-O 17. h3 Bh5 18. Ng3 Bg6 19. Nh4 Nd8 20. Nhf5 Qd7 21. Qf3 Nh7
22. h4 Ne6 23. Bb3 Rac8 24. Nxh6+ gxh6 25. Bxh6 bxa4 26. Ba2 a5 27. h5 axb4 28.
cxb4 Rfe8 29. hxg6 fxg6 30. Qg4 Qf7 31. Rf1 Nf6 32. Qh3 d5 33. Kh1 Nf4 34. Qh4
Nxd3 35. Bg5 Nh7 36. exd5 cxd5 37. Rad1 e4 38. Be3 Nxb4 39. Nxe4 Bc7 40. Bxd5
Nxd5 41. Rxd5 Qxd5 42. Qxh7+ Kxh7 43. Nf6+ Kg7 44. Nxd5 Rh8+ 45. Kg1 Bh2+ 46.
Kh1 a3 47. g4 Bf4+ 48. Kg2 Bxe3 49. Nxe3 a2 50. Ra1 Ra8 51. Nd5 Rhb8 52. Nc3 Rb2
53. Kf1 Rc2 54. Nd1 Rb8 {White resigns} 0-1

[Event "Team 45 45 League T35"]
[Site "Internet Chess Club"]
[Date "2007.11.19"]
[Round "5"]
[White "PaulKaspar"]
[Black "andrew28"]
[Result "1-0"]
[WhiteElo "1896"]
[BlackElo "1756"]
[Opening "Scandinavian defense"]
[ECO "B01"]
[Time "16:07:01"]
[TimeControl "2700+45"]

1. e4 d5 2. exd5 Nf6 3. Bb5+ c6 4. dxc6 bxc6 5. Bc4 Bg4 6. Ne2 e6 7. Nbc3 Nbd7
8. d3 Nb6 9. Bb3 Bd6 10. O-O Nh5 11. h3 Qh4 12. Be3 Bxh3 13. Ne4 Bc7 14. gxh3
Qxh3 15. N2g3 Nxg3 16. fxg3 Bxg3 17. Qe2 Nd5 18. Bd2 O-O 19. Bxd5 cxd5 20. Nxg3
Qxg3+ 21. Qg2 Qd6 22. Bh6 Qe5 23. c3 f5 24. Rae1 Qc7 25. Rxe6 Rae8 26. Rxe8 Rxe8
27. Qxd5+ Kh8 28. Bf4 Qb6+ 29. Rf2 Qg6+ 30. Qg2 Qb6 31. d4 Re6 32. Qa8+ {Black
resigns} 1-0

[Event "Team 45 45 League T35"]
[Site "Internet Chess Club"]
[Date "2007.11.17"]
[Round "5"]
[White "cesaralexander"]
[Black "netshooter"]
[Result "1-0"]
[WhiteElo "1861"]
[BlackElo "1844"]
[Opening "QGD: 4.Nf3"]
[ECO "D37"]
[Time "20:01:49"]
[TimeControl "2700+45"]

1. d4 d5 2. c4 e6 3. Nc3 Nf6 4. Nf3 Bd6 5. Bg5 Be7 6. e3 Nbd7 7. Bd3 h6 8. Bh4
O-O 9. Rc1 b6 10. cxd5 Nxd5 11. Nxd5 exd5 12. Bxe7 Qxe7 13. Rxc7 Qd6 14. Qc2 Nf6
15. h3 Bd7 16. O-O Rac8 17. Rc1 Rxc7 18. Qxc7 Qb4 19. Qxa7 Qxb2 20. Rb1 Qc3 21.
Ne5 Qa5 22. Qxa5 bxa5 23. Rb7 Be6 24. Nc6 a4 25. Ra7 Bd7 26. Ne7+ Kh8 27. Nxd5
Nxd5 28. Rxd7 Nb4 29. Bc4 f6 30. Ra7 Rc8 31. Bf7 Rc1+ 32. Kh2 Nd3 33. Bg6 Rc8
34. Bxd3 {Black resigns} 1-0

[Event "Team 45 45 League T35"]
[Site "Internet Chess Club"]
[Date "2007.11.20"]
[Round "5"]
[White "sra66"]
[Black "archae13"]
[Result "1-0"]
[WhiteElo "1423"]
[BlackElo "1341"]
[Opening "Pirc defense"]
[ECO "B07"]
[Time "20:12:56"]
[TimeControl "2700+45"]

1. e4 d6 2. d4 Nf6 3. d5 Nxe4 4. Nc3 Nf6 5. Nf3 g6 6. Bg5 h6 7. Bh4 Bg7 8. Rb1
c6 9. b4 O-O 10. Be2 Nxd5 11. Nxd5 cxd5 12. Qxd5 Nc6 13. Qd2 Be6 14. b5 Ne5 15.
Nxe5 Bxe5 16. c4 Kh7 17. O-O b6 18. f4 Bg7 19. Qc2 Bf5 20. Bd3 Bxd3 21. Qxd3 Qd7
22. f5 Rac8 23. f6 exf6 24. Bxf6 Bxf6 25. Rxf6 Rg8 26. Rbf1 Rg7 27. Rxd6 Qe8 28.
h3 f5 29. g4 Qe4 30. Qxe4 fxe4 31. Rd4 Re7 32. Kg2 Kg7 33. Kg3 g5 34. h4 Rf8 35.
Rxf8 Kxf8 36. hxg5 hxg5 37. Kf2 Kg7 38. Ke3 Kf6 39. Rd5 Re5 40. Rd6+ Re6 41. Rd4
Ke7 42. Rd5 Kf6 43. a4 Re5 44. Rd6+ Re6 45. Rd7 Re5 46. Rxa7 Rc5 47. Ra6 Rxc4
48. Rxb6+ Ke5 49. a5 Rc3+ 50. Kd2 Rd3+ 51. Ke2 Rg3 52. a6 Rxg4 53. a7 Rg2+ 54.
Ke3 Ra2 55. Ra6 {Black resigns} 1-0

[Event "Team 45 45 League T35"]
[Site "Internet Chess Club"]
[Date "2007.11.19"]
[Round "5"]
[White "kabubi"]
[Black "slakkjaw"]
[Result "0-1"]
[WhiteElo "1253"]
[BlackElo "1303"]
[Opening "Two knights defense"]
[ECO "C55"]
[Time "20:52:01"]
[TimeControl "2700+45"]

1. e4 e5 2. Nf3 Nc6 3. Bc4 Nf6 4. d4 d5 5. exd5 Nxd5 6. dxe5 Be6 7. Bb5 Qd7 8.
O-O O-O-O 9. c4 Nde7 10. Qxd7+ Bxd7 11. Ng5 Nxe5 12. f4 f6 13. Rd1 fxg5 14. fxe5
h6 15. Bxd7+ Rxd7 16. Rxd7 Kxd7 17. Nc3 Nc6 18. b3 Bc5+ 19. Kh1 Nxe5 20. Ne4 Bd4
21. Rb1 Nd3 22. h3 Rf8 23. Ba3 Rf2 24. Nxf2 Nxf2+ 25. Kh2 Be5+ 26. g3 h5 27. Bb2
Bd6 28. Kg2 Ne4 29. Rd1 Ke6 30. Re1 Kf5 31. g4+ hxg4 32. hxg4+ Kf4 33. Bxg7 c6
34. Bh6 Bb4 35. Rd1 Nc3 36. Rd4+ Ke3 37. Rd7 Nxa2 38. Bxg5+ Ke4 39. Rxb7 Bc5 40.
Be7 Bd4 41. Rxa7 Bxa7 42. g5 Kf5 {White resigns} 0-1

[Event "Team 45 45 League T35"]
[Site "Internet Chess Club"]
[Date "2007.11.18"]
[Round "5"]
[White "JoshK"]
[Black "WannaB"]
[Result "1-0"]
[WhiteElo "1361"]
[BlackElo "1019"]
[Opening "Sicilian: Smith-Morra gambit"]
[ECO "B21"]
[Time "16:00:26"]
[TimeControl "2700+45"]

1. e4 c5 2. d4 cxd4 3. c3 Nc6 4. cxd4 d5 5. exd5 Qxd5 6. Nf3 e6 7. Nc3 Qd8 8.
Bb5 Bd7 9. O-O a6 10. Ba4 Be7 11. d5 exd5 12. Nxd5 Nf6 13. Nxe7 Nxe7 14. Re1 O-O
15. Bxd7 Qxd7 16. Qxd7 Nxd7 17. Rxe7 Nc5 18. Be3 b6 19. Bxc5 bxc5 20. Rc1 Rac8
21. Ne5 Rb8 22. Nd7 Rxb2 23. Nxf8 Kxf8 24. Rce1 Rb8 25. Kf1 c4 26. Rc7 Re8 27.
Rxe8+ Kxe8 28. Ke1 Kf8 29. Kd2 f6 30. Kc3 h6 31. Kxc4 Kg8 32. Kd4 Kh7 33. Ke4
Kg6 34. Kf4 h5 35. h4 Kh6 36. Kf5 Kh7 37. a4 a5 38. f3 Kh6 39. Rc8 g5 40. Kxf6
Kh7 41. hxg5 h4 42. g6+ Kh6 43. Rh8# {Black checkmated} 1-0